 Dungeon Crawl Stone Soup version 0.28-a0-751-gef3a642a4e (webtiles) character file.

Game seed: 6624887695645628820

66 AlleluiaPinecone the Covered (level 3, 0/34 HPs)
             Began as a Deep Dwarf Fighter on Oct 30, 2021.
             Slain by a goblin (1 damage)
             ... on level 3 of the Dungeon.
             The game lasted 00:03:37 (1124 turns).

AlleluiaPinecone the Covered (Deep Dwarf Fighter)   Turns: 1124, Time: 00:03:38

Health: 0/34       AC: 14    Str: 20    XL:     3   Next: 96%
Magic:  3/3        EV:  9    Int:  8    God:
Gold:   70         SH:  4    Dex: 12    Spells: 2/2 levels left

rFire   . . .      SeeInvis .   a - +0 mace (protect)
rCold   . . .      Faith    .   c - +0 buckler
rNeg    . . .      Spirit   .   b - +0 scale mail
rPois   +          Reflect  .   (no helmet)
rElec   .          Harm     .   (no cloak)
rCorr   .          Rampage  .   (no gloves)
Will    .....                   (no boots)
Stlth   ..........              (no amulet)
HPRegen 0.00/turn               i - ring of poison resistance
MPRegen 0.08/turn               (no ring)

@: under a protective aura
A: damage resistance, heal wounds, sense surroundings 1, no regeneration
a: Heal Wounds


You were on level 3 of the Dungeon.
You visited 1 branch of the dungeon, and saw 3 of its levels.

You collected 70 gold pieces.

Inventory:

Hand Weapons
 a - a +0 mace of protection (weapon)
 d - a +0 war axe
Missiles
 g - 17 arrows
 h - 25 stones
 j - 16 poisoned darts
 l - 3 javelins
 o - 18 bolts
Armour
 b - a +0 scale mail (worn)
 c - a +0 buckler (worn)
 n - a +0 scale mail
Jewellery
 i - a ring of poison resistance (left hand)
 p - a +4 ring of protection
Scrolls
 f - 2 scrolls of identify
Potions
 e - a potion of degeneration
 k - a potion of flight {unknown}
 m - a potion of heal wounds {unknown}


   Skills:
 + Level 3.0 Fighting
 - Level 3.3 Axes
 + Level 3.8 Armour
 + Level 0.5 Dodging
 + Level 0.2 Stealth
 + Level 3.7 Shields


You had 2 spell levels left.
You didn't know any spells.
Your spell library was empty.

Dungeon Overview and Level Annotations

Branches:
Dungeon (2/15)

Altars:


Innate Abilities, Weirdness & Mutations

You are resistant to damage.
You can heal yourself by infusing magical energy.
You passively map a small area around you.
You do not regenerate.


Message History

You hit the goblin but do no damage. You block the goblin's attack.
The goblin hits you but does no damage. x2
You closely miss the goblin. You block the goblin's attack. x2
The goblin barely misses you.
Your scale mail prevents you from hitting the goblin.
The goblin hits you but does no damage. The goblin misses you.
The goblin hits you but does no damage. x2; The goblin barely misses you.
The goblin closely misses you.
You closely miss the goblin. You block the goblin's attack.
The goblin hits you but does no damage. x2
You sock the goblin!
Your weapon exudes an aura of protection.
You kill the goblin!
The goblin hits you with a +0 dagger. The goblin hits you but does no damage.
A goblin comes into view. It is wielding a +0 dagger.
The goblin shouts!
There is an open door, spattered with blood here.
Items here: ))) †.
You sock the goblin!
You kill the goblin!
You block the goblin's attack. The goblin closely misses you.
You block the ogre's attack. The goblin hits you with a +0 dagger.
You hit the ogre.
The ogre is lightly wounded.
The goblin hits you but does no damage. The goblin closely misses you.
The ogre hits you with a +0 giant club!
* * * LOW HITPOINT WARNING * * *
You hit the ogre.
The ogre is moderately wounded.
You block the goblin's attack. The goblin hits you but does no damage.
The ogre hits you with a +0 giant club.
You hit the ogre.
The ogre is heavily wounded.
You block the goblin's attack. The goblin hits you with a +0 dagger.
* * * LOW HITPOINT WARNING * * *
The goblin hits you but does no damage. The ogre barely misses you.
You hit the ogre.
The ogre is heavily wounded.
The goblin hits you but does no damage. The goblin hits you with a +0 dagger.
You die...

, , , *
* * , *
* , , ,
* , **
* ####
, , , *
##...##
* ,
#...g.#
, ##@##
,
#Og)#,
* **
#.(.#
** ,
#(..#
#####


You could see an ogre and 2 goblins.

Vanquished Creatures
  Terence (D:2)
  3 endoplasms
  3 giant cockroaches
  7 goblins
  2 hobgoblins
  2 jackals (D:1)
  2 quokkas (D:1)
  2 ball pythons
  4 bats (D:1)
  3 frilled lizards
  6 kobolds (D:1)
  3 rats (D:1)
38 creatures vanquished.

Vanquished Creatures (others)
  5 plants (D:2)
5 creatures vanquished.

Grand Total: 43 creatures vanquished

Notes
Turn   | Place    | Note
-------+----------+-------------------------------------------
     0 | D:1      | AlleluiaPinecone the Deep Dwarf Fighter began the quest for
                  | the Orb.
     0 | D:1      | Reached XP level 1. HP: 20/20 MP: 1/1
    41 | D:1      | Found a faded altar of an unknown god.
   238 | D:1      | Reached XP level 2. HP: 25/27 MP: 2/2
   918 | D:2      | Noticed Terence
   928 | D:2      | Killed Terence
   929 | D:2      | Reached XP level 3. HP: 18/34 MP: 3/3
  1100 | D:2      | You fall into a shaft and drop 1 floor!
  1100 | D:3      | Noticed an ogre
  1123 | D:3      | HP: 1/34 [goblin (2)]
  1124 | D:3      | Slain by a goblin

Illustrated notes

Levels and vault maps discovered:
D:1:      dpeg_arrival_solitude, layout_basic,
          shapermc_ecumenical_altar_mp_highgroup
D:2:      layout_loops_ring, serial_bayou_ford_a, minmay_heptomino_h4,
          uniq_terence
D:3:      layout_loops_cross, kennysheep_big_empty_room, serial_park_tiny_1,
          minivault_23, minmay_ogre_servants

Skill      XL: |  1  2 |
---------------+-------+-----
Fighting       | 3 |  3.0
Axes           | 3 |  3.3
Armour         | |  3.8
Dodging        | |  0.5
Stealth        | |  0.2
Shields        | |  3.7

Action                   || total
-------------------------++-------
Melee: War axe           ||    78
       Mace              ||    42
  Use: Scroll            ||     3
       Potion            ||     1
Armor: Scale mail        ||   100
Dodge: Dodged            ||    70
Block: Buckler           ||    38

Table legend: (Time is in decaauts)
 A = Elapsed time spent in this place.
 B = Non-inter-level travel time spent in this place.
 C = Inter-level travel time spent in this place.
 D = Time resting spent in this place.
 E = Time spent auto-exploring this place.
 F = Levels seen in this place.
 G = Mean time per level.
                   A        B        C        D        E       F      G
               +--------+--------+--------+--------+--------+-----+--------+
         Total |   1164 |   1125 |     39 |      0 |    851 |   3 |  388.0 |
       Dungeon |   1164 |   1125 |     39 |      0 |    851 |   3 |  388.0 |
               +--------+--------+--------+--------+--------+-----+--------+

Top non-repeatable levels by time:
     D:1: 904 daAuts
     D:2: 229 daAuts
     D:3: 30 daAuts
